 Dungeon Crawl Stone Soup version 0.22-a0-274-gf8199ec (webtiles) character file.

172 tidbits the Insei (level 5, -2/41 HPs)
             Began as a Gnoll Transmuter on Mar 13, 2018.
             Slain by Sigmund
             ... wielding a +0 scythe
              (15 damage)
             ... on level 5 of the Dungeon.
             The game lasted 00:06:28 (684 turns).

tidbits the Insei (Gnoll Transmuter)                 Turns: 684, Time: 00:06:29

Health: -2/41      AC:  2    Str: 13    XL:     5   Next: 52%
Magic:  10/12      EV: 24    Int: 16    God:
Gold:   95         SH:  0    Dex: 22    Spells: 8/14 levels left

rFire    . . .     SeeInvis .     - Unarmed
rCold    + . .     Gourm    .   (shield currently unavailable)
rNeg     . . .     Faith    .   (armour currently unavailable)
rPois    x         Spirit   .   (helmet currently unavailable)
rElec    .         Reflect  .   (cloak currently unavailable)
rCorr    .         Harm     .   (gloves currently unavailable)
MR       .....                  (boots currently unavailable)
Stlth    ++........             (no amulet)
HPRegen  0.13/turn              l - +2 ring of dexterity
MPRegen  0.13/turn              t - ring of protection from cold

@: spider-form (expiring)
A: tiny, distributed training, strong nose
a: End Transformation


You were on level 5 of the Dungeon.
You were hungry.
You were a venomous arachnid creature.
You visited 1 branch of the dungeon, and saw 6 of its levels.

You collected 95 gold pieces.

Inventory:

Hand Weapons
 f - a +1 dagger of protection (melded)
   (You took it off a goblin on level 2 of the Dungeon)
 p - a +2 quarterstaff of chaos
   (You took it off Crazy Yiuf on level 3 of the Dungeon)
Missiles
 a - 27 arrows
 k - 12 tomahawks (quivered)
 q - 3 stones
Armour
 b - a +0 robe (melded)
 C - a +1 cloak of invisibility (melded)
   (You took it off Crazy Yiuf on level 3 of the Dungeon)
 D - a +0 shield
Magical Staves
 h - an uncursed staff of air {unknown}
   (You found it on level 2 of the Dungeon)
Jewellery
 e - an uncursed ring of ice
   (You found it on level 2 of the Dungeon)
 l - a +2 ring of dexterity (left front leg)
   (You found it on level 2 of the Dungeon)
 t - a ring of protection from cold (right front leg)
   (You found it on level 5 of the Dungeon)
Wands
 r - a wand of polymorph (7)
Scrolls
 g - a scroll of amnesia {unknown}
 m - a scroll of magic mapping {unknown}
 n - a scroll of immolation {unknown}
 s - a scroll of fog {unknown}
 u - a scroll of identify {unknown}
Potions
 i - a potion of agility
 j - a potion of ambrosia {unknown}
 o - a potion of lignification {unknown}
Comestibles
 d - 5 rations


   Skills:
 + Level 3.0 Fighting
 + Level 1.5 Short Blades
 + Level 1.5 Long Blades
 + Level 1.5 Axes
 + Level 1.5 Maces & Flails
 + Level 1.5 Polearms
 + Level 1.5 Staves
 + Level 1.5 Slings
 + Level 1.5 Bows
 + Level 1.5 Crossbows
 + Level 1.5 Throwing
 + Level 1.5 Armour
 + Level 4.8 Dodging
 + Level 1.5 Stealth
 + Level 1.5 Shields
 + Level 6.7 Unarmed Combat
 + Level 5.2 Spellcasting
 + Level 1.2 Conjurations
 + Level 1.2 Hexes
 + Level 1.2 Charms
 + Level 1.2 Summonings
 + Level 1.2 Necromancy
 + Level 1.2 Translocations
 + Level 4.0 Transmutations
 + Level 1.2 Fire Magic
 + Level 1.2 Ice Magic
 + Level 1.2 Air Magic
 + Level 1.2 Earth Magic
 + Level 1.2 Poison Magic
 + Level 1.7 Invocations
 + Level 1.5 Evocations


You had 8 spell levels left.
You knew the following spells:

 Your Spells              Type           Power        Failure   Level  Hunger
e - Beastly Appendage     Tmut           ###...       11%         1    None
k - Sticks to Snakes      Tmut           ###.....     13%         2    #......
p - Spider Form           Tmut/Pois      ##........   34%         3    ###....


Dungeon Overview and Level Annotations

Branches:
Dungeon (6/15)
 Temple: D:4-7

Altars:
Okawaru
Xom

Annotations:
D:3 Nico3ck's ghost, amateur DsGl
D:5 Sigmund


Innate Abilities, Weirdness & Mutations

Your experience applies equally to all skills.
((You have very sharp teeth.))
Your uncanny sense of smell can sniff out nearby items.


Message History

The howler monkey skeleton misses you.
You bite the howler monkey skeleton!
You destroy the howler monkey skeleton!
Your Fighting skill increases to level 3!
Your transformation has ended.
Your +1 dagger of protection unmelds from your body.
Your +1 cloak of invisibility unmelds from your body.
Your +0 robe unmelds from your body.
Your +1 dagger of protection hums with potential!
You become transparent for a moment.
You feel sick.
Found 19 bolts.
You see here a scroll labeled USO AG DOIR.
u - a scroll labeled USO AG DOIR You feel sick.
You feel sick.
There is an open door here.
There is a stone staircase leading up here.
You feel sick.
You are no longer poisoned.
You climb upwards.
The leopard gecko completely misses you.
The orc hits you with a flail.
* * * LOW HITPOINT WARNING * * *
The leopard gecko bites you.
* * * LOW HITPOINT WARNING * * *
There is a stone staircase leading down here.
Unknown command.
Casting: Spider Form (safe; 16% risk of failure)
Confirm with . or Enter, or press ? or * to list all spells.
You turn into a venomous arachnid creature.
Your +1 dagger of protection melds into your body.
Your +1 cloak of invisibility melds into your body.
Your +0 robe melds into your body.
Your +1 dagger of protection goes still.
The orc barely misses you.
The leopard gecko completely misses you.
You barely miss the orc. The leopard gecko misses you.
The orc completely misses you.
You hit the orc.
The orc is poisoned.
The orc is almost dead.
Your transformation is almost over.
The leopard gecko bites you.
* * * LOW HITPOINT WARNING * * *
You closely miss the orc.
The orc is almost dead.
You kill the orc!
The leopard gecko misses you.
You hit the leopard gecko.
The leopard gecko is poisoned.
The leopard gecko is lightly wounded.
The leopard gecko closely misses you.
You barely miss the leopard gecko.
The leopard gecko is moderately wounded.
The leopard gecko misses you.
You barely miss the leopard gecko.
The leopard gecko is moderately wounded.
The leopard gecko misses you.
You hit the leopard gecko but do no damage.
The leopard gecko looks as sick as possible!
The leopard gecko is moderately wounded.
The leopard gecko completely misses you.
You hit the leopard gecko.
You kill the leopard gecko!
Your Transmutations skill increases to level 4!
Things that are here:
a flail; an orc corpse
There is a stone staircase leading down here.
Your transformation has ended.
Your +1 dagger of protection unmelds from your body.
Your +1 cloak of invisibility unmelds from your body.
Your +0 robe unmelds from your body.
Your +1 dagger of protection hums with potential!
You become transparent for a moment.
Found a runed mace.
Found a scroll labeled KYMOZ LATO.
Unknown command.
Sigmund the Dreaded comes into view.
He is wielding a scythe.
Casting: Spider Form (safe; 16% risk of failure)
Confirm with . or Enter, or press ? or * to list all spells.
You turn into a venomous arachnid creature.
Your +1 dagger of protection melds into your body.
Your +1 cloak of invisibility melds into your body.
Your +0 robe melds into your body.
Your +1 dagger of protection goes still.
You are feeling hungry.
You see here a runed mace.
Sigmund casts a spell at you. The puff of flame hits you!
* * * LOW HITPOINT WARNING * * *
You hit Sigmund.
Sigmund is poisoned.
Sigmund is lightly wounded.
It was a potion of curing.
You feel better.
Sigmund drinks a potion.
Sigmund seems to speed up.
You hit Sigmund.
Sigmund looks as sick as possible!
Sigmund is lightly wounded.
Sigmund completely misses you.
You barely miss Sigmund.
Sigmund is lightly wounded.
Your transformation is almost over.
Sigmund hits you with a scythe!
You die...

∆ .. #.. . #.# ....
.#.# ## ..## ∆ #.#
##..# # #..###@..#
#.#.#s#.#..#
#.#.##@##..## ∆
#..#..##......... ###
##....##....?...# ..#
#......#..#.##..#
#.##.#...##..#.##..#
#####.#....###@.#.....
........#.....<.......
##.##.......##.##.##.#


You could see Sigmund.

Vanquished Creatures
  Crazy Yiuf (D:3)
  Natasha (D:2)
  A worker ant (D:5)
  2 adders (D:2)
  A howler monkey skeleton (D:6)
  3 leopard geckos
  6 orcs
  3 giant cockroaches
  5 goblins
  2 hobgoblins (D:3)
  A quokka (D:3)
  2 ball pythons
  5 bats
  A frilled lizard (D:3)
  2 kobolds
  3 rats
39 creatures vanquished.

Vanquished Creatures (collateral kills)
  Natasha (D:2)
1 creature vanquished.

Vanquished Creatures (others)
  4 toadstools (D:1)
4 creatures vanquished.

Grand Total: 44 creatures vanquished

Notes
Turn   | Place    | Note
-------+----------+-------------------------------------------
     0 | D:1      | tidbits the Gnoll Transmuter began the quest for the Orb.
     0 | D:1      | Reached XP level 1. HP: 17/17 MP: 6/6
    64 | D:2      | Reached XP level 2. HP: 23/23 MP: 5/7
    68 | D:2      | Learned a level 2 spell: Sticks to Snakes
   122 | D:2      | Noticed Natasha
   129 | D:2      | Killed Natasha
   129 | D:2      | Reached skill level 5 in Spellcasting
   129 | D:2      | Reached XP level 3. HP: 28/28 MP: 2/9
   170 | D:2      | Learned a level 3 spell: Spider Form
   173 | D:2      | Found a shimmering altar of Xom.
   186 | D:2      | Reached skill level 1 in Invocations
   290 | D:3      | Noticed Nico3ck's ghost (amateur DsGl)
   298 | D:2      | Noticed Natasha
   306 | D:2      | Killed Natasha
   306 | D:2      | Reached skill level 1 in Short Blades
   306 | D:2      | Reached skill level 1 in Long Blades
   306 | D:2      | Reached skill level 1 in Axes
   306 | D:2      | Reached skill level 1 in Maces & Flails
   306 | D:2      | Reached skill level 1 in Polearms
   306 | D:2      | Reached skill level 1 in Staves
   306 | D:2      | Reached skill level 1 in Slings
   306 | D:2      | Reached skill level 1 in Bows
   306 | D:2      | Reached skill level 1 in Crossbows
   306 | D:2      | Reached skill level 1 in Throwing
   306 | D:2      | Reached skill level 1 in Armour
   306 | D:2      | Reached skill level 1 in Stealth
   306 | D:2      | Reached skill level 1 in Shields
   306 | D:2      | Reached skill level 1 in Evocations
   306 | D:2      | Reached XP level 4. HP: 18/34 MP: 0/11
   354 | D:3      | Found a runed door.
   359 | D:3      | Noticed Crazy Yiuf
   365 | D:3      | Killed Crazy Yiuf
   365 | D:3      | Reached skill level 1 in Conjurations
   365 | D:3      | Reached skill level 1 in Hexes
   365 | D:3      | Reached skill level 1 in Charms
   365 | D:3      | Reached skill level 1 in Summonings
   365 | D:3      | Reached skill level 1 in Necromancy
   365 | D:3      | Reached skill level 1 in Translocations
   365 | D:3      | Reached skill level 1 in Fire Magic
   365 | D:3      | Reached skill level 1 in Ice Magic
   365 | D:3      | Reached skill level 1 in Air Magic
   365 | D:3      | Reached skill level 1 in Earth Magic
   365 | D:3      | Reached skill level 1 in Poison Magic
   438 | D:3      | Found an iron altar of Okawaru.
   454 | D:3      | Reached XP level 5. HP: 30/40 MP: 5/12
   600 | D:5      | Entered Level 5 of the Dungeon
   629 | D:6      | Reached skill level 3 in Fighting
   652 | D:5      | Reached skill level 4 in Transmutations
   669 | D:5      | Noticed Sigmund
   684 | D:5      | Slain by Sigmund

Vault maps used:
D:1:      ldierk_water_garden
D:2:      lemuel_doored_altar, first_ration, uniq_natasha
D:3:      kb_forest_paths, okawaru_ov_weapons_minmay, uniq_crazy_yiuf_cottage
D:4:      minmay_temple_entry_nine_rooms, nicolae_elemental_shop
D:5:      nicolae_gozag_cash_rules_everything_around_me, uniq_duvessa,
          uniq_sigmund

Skill      XL: |  1  2  3  4  5 |
---------------+----------------+-----
Spellcasting   | 5 |  5.2
Invocations    | 1 |  1.7
Short Blades   | 1 |  1.5
Long Blades    | 1 |  1.5
Axes           | 1 |  1.5
Maces & Flails | 1 |  1.5
Polearms       | 1 |  1.5
Staves         | 1 |  1.5
Slings         | 1 |  1.5
Bows           | 1 |  1.5
Crossbows      | 1 |  1.5
Throwing       | 1 |  1.5
Armour         | 1 |  1.5
Stealth        | 1 |  1.5
Shields        | 1 |  1.5
Evocations     | 1 |  1.5
Conjurations   | 1 |  1.2
Hexes          | 1 |  1.2
Charms         | 1 |  1.2
Summonings     | 1 |  1.2
Necromancy     | 1 |  1.2
Translocations | 1 |  1.2
Fire Magic     | 1 |  1.2
Ice Magic      | 1 |  1.2
Air Magic      | 1 |  1.2
Earth Magic    | 1 |  1.2
Poison Magic   | 1 |  1.2
Fighting       | 3 |  3.0
Transmutations | 4 |  4.0
Dodging        | |  4.8
Unarmed Combat | |  6.7

Action                   |  1- 3 |  4- 6 || total
-------------------------+-------+-------++-------
Melee: Unarmed           |    31 |    51 ||    82
       Headbutt          |     3 |       ||     3
       Bite              |     3 |     1 ||     4
       Kick              |     2 |     4 ||     6
       Dagger            |       |    24 ||    24
       Punch             |       |     2 ||     2
 Cast: Beastly Appendage |     6 |     2 ||     8
       Sticks to Snakes  |     3 |     1 ||     4
       Spider Form       |     3 |     8 ||    11
  Use: Potion            |     1 |     1 ||     2
 Stab: Sleeping          |     2 |     3 ||     5
Armor: Robe              |     3 |     6 ||     9
       Skin              |       |     6 ||     6
Dodge: Dodged            |    18 |    77 ||    95

Table legend:
 A = Spawn XP
 B = Non-spawn XP
 C = Spawn XP percentage of total XP
 D = Spawn monster count
 E = Non-spawn monster count
 F = Spawn count percentage of total count
 G = Total turns spent on level
                    A         B        C        D         E        F      G
               +---------+---------+-------+---------+---------+-------+---------
         Total |       0 |     246 |   0.0 |       0 |      40 |   0.0 |   684
               +---------+---------+-------+---------+---------+-------+---------
           D:1 |       0 |       5 |   0.0 |       0 |       3 |   0.0 |    71
           D:2 |       0 |     114 |   0.0 |       0 |      15 |   0.0 |   280
           D:3 |       0 |      72 |   0.0 |       0 |      18 |   0.0 |   236
           D:5 |       0 |      42 |   0.0 |       0 |       3 |   0.0 |    63
           D:6 |       0 |      13 |   0.0 |       0 |       1 |   0.0 |    21
               +---------+---------+-------+---------+---------+-------+---------

Table legend:
 A = Turns spent in this place as a percentage of turns spent in the entire game.
 B = Non-inter-level travel turns spent in this place as a percentage of non-inter-level travel turns spent in the entire game.
 C = Inter-level travel turns spent in this place as a percentage of turns spent in this place.
 D = Turns resting spent in this place as a percentage of non-inter-level travel turns spent in this place.
 E = Turns spent auto-exploring this place as a percentage of non-inter-level travel turns spent in this place.
 F = Non-inter-level travel turns spent in this place divided by the number of levels of this place that you've seen.
                   A       B       C       D       E      F
               +-------+-------+-------+-------+-------+----------------------
         Total | 100.0 | 100.0 |   1.5 |   0.0 |   0.0 | 112.3
       Dungeon | 100.0 | 100.0 |   1.5 |   0.0 |   0.0 | 112.3
               +-------+-------+-------+-------+-------+----------------------

Table legend:
 A = Kills in this place as a percentage of kills in entire the game.
 B = Kills by you in this place as a percentage of kills by you in the entire game.
 C = Kills by friends in this place as a percentage of kills by friends in the entire game.
 D = Other kills in this place as a percentage of other kills in the entire game.
 E = Experience gained in this place as a percentage of experience gained in the entire game.
 F = Experience gained in this place divided by the number of levels of this place that you have seen.
                   A       B       C       D       E      F
               +-------+-------+-------+-------+-------+----------------------
         Total | 100.0 | 100.0 | 100.0 |   N/A | 100.0 |  41.0
       Dungeon | 100.0 | 100.0 | 100.0 |   N/A | 100.0 |  41.0
               +-------+-------+-------+-------+-------+----------------------

Vault maps used:
D:1:      ldierk_water_garden
D:2:      lemuel_doored_altar, first_ration, uniq_natasha
D:3:      kb_forest_paths, okawaru_ov_weapons_minmay, uniq_crazy_yiuf_cottage
D:4:      minmay_temple_entry_nine_rooms, nicolae_elemental_shop
D:5:      nicolae_gozag_cash_rules_everything_around_me, uniq_duvessa,
          uniq_sigmund
